AoeStats
← HR nomadplayer

Arabia

503516776Analyzed
1v1 RM · 1mo ago on Sep 1, 2026· 45m 13s· 2 players
Game mode
Random Map
Map size
Tiny (2 player)
Population
200
Speed
Normal
Resources
Standard
Victory
Conquest
Starting age
Dark Age
Ending age
Imperial Age
RankedLock teamsTeams togetherTeam positionsShared explorationLock speedFull tech treeHidden civsTurbo modeCheats
Victory
Defeat
🇨🇱 Poles · Chile
2085
+7
🇺🇸 Japanese · United States
1855
-7
HR nomadplayer
6:58 Loom
9:42 Feudal Age
10:27 Double-Bit Axe
11:09 Horse Collar
20:44 Castle Age
19:17 Fletching
19:30 Padded Archer Armor
20:47 Elite Skirmisher
21:34 Bodkin Arrow
21:54 Bow Saw
22:07 Heavy Plow
24:05 Town Watch
27:51 Scale Barding Armor
27:57 Forging
30:07 Gold Mining
30:07 Stone Mining
30:56 Szlachta Privileges
31:11 Scale Barding Armor
31:33 Bloodlines
31:24 Husbandry
31:56 Forging
32:48 Chain Barding Armor
34:40 Iron Casting
38:29 Wheelbarrow
41:12 Imperial Age
40:56 Hand Cart
41:15 Cavalier
43:02 Blast Furnace
45:11 Conscription
Escalus
6:10 Loom
8:40 Feudal Age
8:53 Man-at-Arms
15:54 Double-Bit Axe
16:01 Fletching
16:38 Double-Bit Axe
18:25 Horse Collar
18:33 Horse Collar
22:27 Castle Age
20:51 Scale Mail Armor
21:56 Gold Mining
23:24 Chain Mail Armor
22:30 Long Swordsman
22:56 Arson
23:21 Gambesons
24:23 Squires
26:46 Forging
26:53 Heavy Plow
27:05 Bow Saw
28:26 Town Watch
29:39 Bodkin Arrow
32:13 Wheelbarrow
35:59 Imperial Age
33:50 Pikeman
35:11 Iron Casting
36:51 Bracer
37:11 Husbandry
40:52 Ballistics
41:11 Bloodlines
42:31 Chemistry
43:10 Bloodlines
43:55 Padded Archer Armor
Connection lost

Rejoining the realm…

Still unreachable

The connection could not be restored.

Session expired

The server has moved on; the page needs a fresh start.